Map: Orbital Shipyard

Players

UCLAcao

  • Race: Zerg Zerg
  • League: Master

xKawaiian - Winner!

  • Race: Terran Terran
  • League: Master

VOD

Have the link to the VOD?

Description

Time

  • Played on: Jan. 13, 2016, 10:17 p.m.
  • Length: 17:28
Show
View Real Time Build Order
Export as new Build Order

UCLAcao Zerg 

Build Orders: Hatch First 

Get SALT Encoding   

  12  0:01  Drone  
  13  0:09  Drone  
  14  0:17  Overlord  
  14  0:25  Drone, Extractor  
  15  0:35  Drone x2  
  17  0:44  Drone  
  18  0:56  Hatchery  
  17  0:58  Drone  
  17  1:04  Extractor  
  17  1:06  Drone  
  18  1:17  Spawning Pool  
  17  1:20  Drone  
  18  1:28  Drone  
  19  1:38  Overlord  
  19  1:49  Drone  
  20  2:04  Zergling x2  
  20  2:05  Queen  
  23  2:08  Queen  
  23  2:09  Zergling x2  
  23  2:11  Zergling x2  
  23  2:14  Metabolic Boost  
  27  2:19  Overlord  
  27  2:24  Drone  
  28  2:33  Drone x2  
  29  2:43  Drone  
  29  2:44  Drone  
  30  2:53  Queen  
  30  2:54  Drone x2  
  34  3:02  Queen  
  36  3:09  Drone x2  
  38  3:15  Drone x2  
  40  3:23  Drone x2  
  40  3:24  Drone  
  40  3:25  Overlord x2  
  43  3:40  Hatchery  
  42  3:44  Overlord  
  42  3:50  Overlord, Roach Warren  
  42  3:51  Extractor  
  42  3:55  Zergling x6  
  43  4:02  Spore Crawler  
  42  4:03  Spore Crawler  
  42  4:04  Drone x4  
  45  4:20  Drone x2  
  45  4:21  Drone x2  
  45  4:23  Extractor  
  45  4:24  Drone x5  
  53  4:40  Roach x2  
  53  4:44  Extractor  
  56  4:46  Evolution Chamber, Drone x2  
  56  4:48  Evolution Chamber  
  56  4:57  Drone x2  
  56  4:59  Overlord x2  
  58  5:03  Queen  
  60  5:13  Drone x4  
  64  5:17  Zerg Missile Weapons Level 1, Zerg Ground Armor Level 1  
  64  5:19  Spore Crawler  
  63  5:22  Roach x2  
  63  5:24  Ravager x2  
  69  5:30  Overlord  
  69  5:31  Overlord  
  69  5:36  Drone  
  69  5:40  Lair  
  69  5:41  Spine Crawler  
  69  5:52  Drone x3  
  69  5:55  Roach x4  
  80  5:58  Drone  
  80  6:01  Drone  
  82  6:09  Roach  
  82  6:10  Roach x3  
  87  6:23  Overlord x2  
  87  6:24  Drone x3  
  90  6:26  Drone x2  
  92  6:34  Drone x3  
  92  6:35  Drone  
  92  6:39  Overlord x2  
  96  6:41  Drone x2  
  96  6:43  Extractor  
  96  6:44  Extractor  
  96  6:47  Drone  
  96  6:48  Drone  
  96  6:50  Glial Reconstitution  
  96  6:52  Drone x3  
  100  6:58  Spine Crawler  
  99  7:02  Overlord x2  
  99  7:04  Drone x3  
  99  7:05  Drone  
  103  7:09  Overlord x3  
  100  7:25  Drone x3  
  103  7:30  Drone x4  
  103  7:31  Zerg Missile Weapons Level 2  
  103  7:33  Zerg Ground Armor Level 2  
  105  7:43  Overlord x2  
  105  7:45  Roach x2  
  109  7:59  Roach x4  
  109  8:01  Ravager  
  109  8:02  Ravager x5  
  123  8:07  Hatchery  
  123  8:12  Ravager  
  123  8:13  Ravager x2, Roach  
  123  8:14  Roach x4  
  135  8:22  Roach  
  135  8:23  Roach x4  
  140  8:36  Roach x4  
  140  8:37  Roach x4  
  156  8:42  Roach x3  
  156  8:44  Ravager  
  156  8:45  Overlord  
  163  8:53  Extractor  
  163  8:54  Roach x5  
  172  9:02  Roach x3  
  178  9:07  Overlord  
  178  9:16  Ravager x6  
  184  9:17  Overlord x2  
  184  9:18  Roach  
  184  9:19  Roach  
  184  9:23  Roach x2  
  192  9:31  Extractor  
  191  9:32  Spine Crawler  
  190  9:40  Roach x4  
  190  10:07  Roach x5  
  190  10:12  Roach x6  
  193  10:15  Roach  
  193  10:16  Roach x6  
  193  10:17  Hatchery  
  186  10:29  Roach x5  
  196  10:46  Roach x2  
  200  10:58  Pneumatized Carapace  
  193  11:12  Overseer  
  193  11:13  Drone x2  
  193  11:14  Drone x2  
  192  11:29  Drone x3  
  192  11:30  Roach x2  
  199  11:45  Drone  
  200  11:54  Infestation Pit  
  191  12:01  Roach x6  
  191  12:05  Roach x10  
  191  12:06  Spine Crawler  
  184  12:08  Spore Crawler  
  184  12:09  Spine Crawler  
  184  12:11  Spore Crawler  
  184  12:14  Roach x4  
  160  12:17  Queen  
  142  12:28  Roach  
  142  12:29  Roach x6  
  124  12:41  Roach x6  
  124  12:43  Ravager x5  
  124  12:44  Ravager  
  142  12:46  Ravager x3  
  142  12:47  Ravager x2  
  142  12:48  Roach x2, Zergling x2  
  148  13:13  Roach x10  
  148  13:14  Roach  
  170  13:22  Roach x4  
  174  13:32  Roach x6  
  174  13:54  Roach x9  
  183  14:18  Ravager  
  183  14:23  Roach  
  183  14:24  Roach x7  
  196  14:27  Ravager x2  
  196  14:28  Ravager  
  158  14:39  Roach x5  
  158  14:43  Roach  
  128  14:48  Roach  
  120  14:56  Ravager  
  111  15:13  Roach  
  111  15:14  Roach x4  
  121  15:39  Hatchery  
  120  15:43  Roach  
  120  15:44  Roach x2  
  125  16:36  Hatchery  
  112  16:43  Roach  
  112  16:44  Roach x3  
  102  16:55  Ravager x2  
Show
View Real Time Build Order
Export as new Build Order

xKawaiian Terran - Winner!

Build Orders: Reaper Expand, MMM Bio 

Get SALT Encoding   

  12  0:00  SCV  
  13  0:13  SCV  
  14  0:17  Supply Depot  
  14  0:25  SCV  
  15  0:39  SCV  
  15  0:41  Barracks  
  16  0:46  Refinery  
  16  0:51  SCV  
  17  1:03  SCV  
  18  1:17  SCV  
  19  1:29  Orbital Command  
  19  1:30  Reaper  
  20  1:41  Command Center  
  20  1:53  Supply Depot  
  20  1:55  SCV  
  21  2:02  Barracks Reactor  
  21  2:07  SCV  
  22  2:09  Barracks  
  22  2:19  SCV  
  22  2:20  Barracks  
  23  2:31  SCV  
  24  2:42  Marine x2  
  24  2:43  SCV  
  27  2:54  Orbital Command  
  27  2:55  SCV  
  29  3:00  Marine x2  
  29  3:02  Barracks Tech Lab  
  30  3:07  Refinery  
  30  3:08  SCV, Factory  
  30  3:10  Marine  
  32  3:19  Marine x2  
  34  3:20  SCV  
  34  3:23  SCV  
  36  3:27  Stimpack  
  36  3:29  Marine x2  
  36  3:32  SCV  
  39  3:37  Marine x2  
  39  3:39  SCV  
  42  3:44  SCV  
  42  3:46  Marine  
  42  3:48  Supply Depot  
  44  3:51  SCV, Marine  
  46  3:57  Starport, Factory Reactor  
  46  4:01  Supply Depot  
  46  4:04  Supply Depot  
  46  4:09  SCV x2, Marine x2  
  50  4:14  Marine  
  50  4:15  Marine  
  52  4:21  SCV  
  52  4:22  SCV  
  54  4:26  Supply Depot  
  54  4:27  Marine  
  54  4:28  Marine  
  56  4:32  Marine  
  56  4:33  SCV  
  58  4:39  SCV  
  58  4:40  Medivac x2  
  58  4:42  Marine  
  58  4:45  SCV, Marine  
  65  4:48  Supply Depot  
  65  4:49  Factory Reactor  
  65  4:51  SCV  
  67  4:53  Marine  
  67  4:58  SCV, Marine  
  70  5:00  Marine  
  70  5:03  Command Center  
  70  5:06  SCV  
  72  5:07  Marine  
  72  5:10  SCV  
  72  5:11  Marine  
  75  5:15  Medivac  
  75  5:16  Marine  
  75  5:18  Marine  
  75  5:21  Engineering Bay  
  79  5:22  Engineering Bay  
  79  5:25  Marine  
  80  5:29  Marine  
  81  5:36  Marine  
  81  5:39  SCV x2  
  81  5:42  Refinery  
  84  5:43  Refinery, Marine  
  84  5:44  Barracks Reactor  
  84  5:45  Medivac  
  86  5:55  Barracks x2  
  86  5:56  Supply Depot  
  86  6:07  Terran Infantry Weapons Level 1  
  86  6:08  SCV  
  86  6:09  Marine x2  
  86  6:10  Marine  
  86  6:11  Hellion  
  86  6:17  Medivac  
  83  6:27  Marine  
  84  6:39  Marine  
  86  6:40  Combat Shields, Marauder  
  86  6:45  Barracks Tech Lab  
  87  6:48  Factory Tech Lab  
  87  6:49  SCV x2  
  87  6:52  Terran Infantry Armor Level 1  
  89  6:57  Barracks x2  
  89  6:58  SCV, Barracks  
  89  7:00  Barracks Tech Lab  
  90  7:03  Marine  
  90  7:04  Marauder  
  90  7:06  Marine  
  90  7:07  Marauder, Medivac x2, Marine x2  
  102  7:12  Siege Tank  
  105  7:21  Marine  
  105  7:22  Marine  
  107  7:24  Marine x2  
  107  7:25  Marauder, Marine  
  107  7:26  Supply Depot  
  107  7:27  Supply Depot  
  107  7:28  Supply Depot, Marauder  
  99  7:37  Medivac x2  
  99  7:40  Marine  
  99  7:41  Marauder  
  99  7:42  Marine  
  107  7:44  Barracks Tech Lab  
  107  7:45  Barracks Reactor, Barracks Tech Lab  
  107  7:46  Marauder  
  107  7:48  Orbital Command  
  107  7:49  Refinery, Marine  
  107  7:51  Refinery  
  110  7:56  Marauder, Marine  
  110  7:58  Marine  
  114  8:02  Marauder  
  114  8:03  SCV  
  114  8:04  Marauder, Marine  
  120  8:06  Marauder  
  120  8:09  Armory, Marauder  
  120  8:12  SCV  
  125  8:15  SCV  
  125  8:18  Supply Depot  
  125  8:19  SCV  
  127  8:20  Marine  
  127  8:24  Supply Depot, Marine x2  
  130  8:27  Marine  
  130  8:28  Marauder  
  133  8:34  Supply Depot  
  133  8:39  Supply Depot  
  133  8:40  Marauder, Medivac  
  137  8:46  Medivac  
  137  8:47  Marine  
  140  8:54  Marine x2  
  140  8:55  Marauder  
  144  9:01  Supply Depot  
  144  9:06  Marauder, Marine x3  
  144  9:09  Medivac  
  149  9:12  Terran Infantry Weapons Level 2  
  151  9:17  Terran Infantry Armor Level 2  
  151  9:19  Marine  
  151  9:22  Marine x2  
  154  9:29  Marine  
  154  9:30  Marauder, Marine x2  
  159  9:37  Marauder, Marine x3  
  164  9:43  Marauder, Marine  
  167  9:48  Marine x2  
  167  9:51  Marauder  
  171  10:00  Marine  
  171  10:01  Marauder  
  171  10:02  Medivac  
  171  10:03  Medivac  
  170  10:14  Marauder, Marine  
  135  10:17  Marine  
  135  10:18  Marauder  
  135  10:19  Marine x3  
  135  10:20  Marauder x2, Marine  
  126  10:22  Marine  
  117  10:32  Marine  
  116  10:36  Marauder  
  116  10:39  Marine x3, Marauder  
  116  10:41  Marauder x3  
  129  10:45  Marine  
  129  10:46  Medivac  
  129  10:49  Marine  
  131  10:52  Marine  
  131  10:56  Siege Tank  
  135  10:57  Marine x2, Marauder  
  138  11:14  Marine x2  
  138  11:15  Marauder x2  
  138  11:16  Medivac x2  
  148  11:19  Marauder, Marine  
  148  11:21  Marine x2  
  149  11:31  Marine x2  
  149  11:32  Marauder  
  153  11:37  Marine  
  153  11:38  Marauder  
  156  11:41  Marauder, Marine x2  
  156  11:45  Marine  
  156  11:46  Marauder, Medivac x2  
  167  11:53  Marauder x2, Marine x2  
  173  11:59  Marauder  
  170  12:02  Marine  
  170  12:03  Marauder  
  170  12:07  Marauder  
  170  12:08  Marine  
  145  12:09  Marine  
  145  12:13  Marine  
  145  12:15  Marauder x2  
  124  12:18  Marine  
  124  12:20  Marauder  
  124  12:22  Marine  
  118  12:24  Marauder  
  118  12:28  Marauder  
  114  12:30  Marine x2  
  114  12:36  Marauder x2, Liberator  
  118  12:40  Marine  
  118  12:42  Siege Tank, Marauder  
  124  12:45  Marauder  
  124  12:47  Marine  
  127  12:56  Marauder, Marine  
  129  13:03  Marauder x2, Marine  
  132  13:09  Marauder, Marine  
  135  13:12  Liberator  
  135  13:19  Marine x2  
  138  13:20  Marauder x2, Marine  
  138  13:22  Marine  
  138  13:25  Marauder  
  145  13:27  Marauder, Marine  
  145  13:32  Marine  
  145  13:33  Orbital Command  
  147  13:50  Marine x2  
  147  13:51  Marauder  
  147  13:52  SCV x2  
  144  14:03  Marine  
  144  14:04  Marauder x2, Marine x2  
  151  14:10  SCV  
  151  14:14  Siege Tank  
  155  14:19  Marine x2  
  155  14:20  Marauder x2, Marine x2  
  163  14:35  Marine  
  163  14:36  Marauder  
  152  14:43  SCV  
  140  14:46  Siege Tank  
  140  14:48  Marine x2  
  140  14:49  Marauder  
  140  14:50  Orbital Command  
  140  14:51  Medivac  
  132  14:55  Marine  
  132  14:56  SCV  
  131  15:02  Marine  
  131  15:06  SCV  
  133  15:08  SCV  
  134  15:15  Marine x2  
  134  15:18  SCV  
  134  15:21  SCV  
  135  15:24  SCV  
  135  15:26  Marine  
  135  15:29  Concussive Shells  
  135  15:30  SCV, Marine  
  135  15:31  Marine  
  135  15:32  Marine  
  139  15:36  Marauder, Marine x2  
  143  15:49  SCV x3  
  146  15:53  Marauder, Marine x2  
  146  15:54  Marauder  
  152  16:02  Marauder x3, Marine x3  
  161  16:09  Marine  
  161  16:10  Marine  
  161  16:11  Marine  
  163  16:15  Marauder  
  163  16:16  Marauder  
  167  16:23  Marine x3  
  167  16:24  Marauder x3  
  166  16:26  Marine  
  166  16:28  SCV, Marine  
  163  16:37  Marine  
  148  16:48  Marine  
  148  16:49  Orbital Command  
  142  17:08  SCV  
Tags
 
Add a new tag
Caveats
  • Supply blocks, unpowered buildings, or Contaminate may cause inaccurate times.
  • Supply counts are checked every 10 seconds.